Map: Realities Simulation LE

Players

KoRKon

  • Race: Zerg Zerg
  • Spawn Location: 6:00

vicki

  • Race: Terran Terran
  • Spawn Location: 3:00

OpiumPoppy

  • Race: Protoss Protoss
  • Spawn Location: 5:00

Alebay - Winner!

  • Race: Protoss Protoss
  • Spawn Location: 12:00

PiPuxD - Winner!

  • Race: Terran Terran
  • League: Gold
  • Spawn Location: 11:00

MattBarry - Winner!

  • Race: Zerg Zerg
  • League: Gold
  • Spawn Location: 9:00

VOD

Have the link to the VOD?

Description

Time

  • Played on: Jan. 29, 2023, 4:35 a.m.
  • Length: 25:17
Show
View Real Time Build Order
Export as new Build Order

KoRKon Zerg 

Build Orders: Hatch First 

Get SALT Encoding   

  12  0:00  Drone  
  13  0:08  Drone  
  14  0:18  Overlord  
  14  0:36  Drone x3  
  17  0:56  Hatchery  
  16  1:08  Spawning Pool  
  15  1:12  Drone  
  15  1:15  Drone  
  18  1:18  Drone  
  18  1:23  Drone  
  19  1:34  Overlord  
  19  1:44  Drone  
  20  1:55  Queen, Drone  
  23  2:08  Queen  
  23  2:09  Drone x2  
  27  2:24  Hatchery  
  27  2:25  Drone  
  27  2:31  Queen  
  27  2:33  Drone  
  27  2:36  Drone  
  31  2:39  Drone  
  32  2:45  Queen  
  32  2:48  Drone  
  35  2:52  Overlord  
  35  2:55  Drone  
  36  2:59  Overlord  
  36  3:02  Extractor  
  36  3:04  Drone  
  36  3:06  Extractor  
  36  3:08  Extractor, Drone  
  36  3:09  Extractor  
  34  3:16  Drone x3  
  34  3:18  Drone  
  38  3:22  Spine Crawler  
  37  3:28  Drone x2  
  37  3:29  Drone  
  40  3:36  Drone x2  
  40  3:37  Drone x2  
  44  3:42  Drone  
  44  3:43  Drone  
  44  3:45  Drone  
  47  3:50  Drone x2  
  49  3:57  Lair  
  49  4:03  Drone x2  
  49  4:05  Drone  
  52  4:11  Queen  
  52  4:13  Drone  
  52  4:15  Drone  
  57  4:17  Drone  
  57  4:18  Drone  
  57  4:22  Overlord  
  58  4:26  Overlord  
  58  4:29  Overlord  
  58  4:36  Overlord x2  
  58  4:42  Drone  
  58  4:43  Evolution Chamber, Drone  
  58  4:44  Evolution Chamber  
  58  4:48  Drone, Spine Crawler  
  58  4:51  Drone  
  58  4:52  Drone  
  60  4:53  Drone  
  60  4:59  Roach Warren  
  60  5:02  Spine Crawler  
  60  5:05  Drone, Spine Crawler  
  59  5:07  Drone  
  59  5:09  Drone  
  59  5:10  Drone  
  59  5:12  Drone  
  63  5:16  Zerg Missile Weapons Level 1  
  63  5:20  Zerg Ground Armor Level 1  
  63  5:28  Overlord x2  
  63  5:29  Drone x2  
  63  5:31  Drone  
  63  5:32  Drone  
  67  5:36  Hydralisk Den  
  67  5:37  Drone x2  
  67  5:40  Drone x2  
  67  5:42  Drone x2  
  72  5:44  Drone  
  72  5:45  Drone  
  72  5:47  Drone  
  72  5:49  Glial Reconstitution  
  75  5:50  Extractor  
  75  5:51  Drone  
  75  6:01  Drone x3  
  75  6:02  Drone  
  79  6:04  Drone x2  
  79  6:05  Hydralisk, Drone x3  
  79  6:08  Grooved Spines  
  79  6:10  Pneumatized Carapace  
  86  6:12  Burrow  
  86  6:15  Hydralisk  
  86  6:16  Hydralisk  
  90  6:22  Hydralisk, Extractor  
  90  6:23  Hydralisk x2  
  90  6:25  Hydralisk  
  97  6:31  Spire  
  96  6:49  Hydralisk x2  
  96  6:50  Hydralisk x3  
  106  6:54  Overlord  
  106  6:55  Overlord x5  
  106  7:04  Overlord  
  106  7:13  Overlord x2  
  106  7:15  Hydralisk x2, Spine Crawler  
  105  7:16  Hydralisk  
  105  7:18  Hydralisk  
  105  7:19  Muscular Augments  
  105  7:21  Hydralisk  
  115  7:23  Tunneling Claws  
  115  7:26  Hydralisk, Hatchery  
  115  7:29  Zerg Missile Weapons Level 2  
  116  7:33  Zerg Ground Armor Level 2  
  116  7:46  Corruptor, Overlord x2  
  116  7:47  Infestation Pit  
  116  7:48  Zerg Flyer Weapons Level 1  
  116  7:49  Corruptor  
  119  7:53  Corruptor  
  119  7:56  Corruptor  
  123  8:03  Overlord  
  123  8:05  Drone x5, Extractor  
  125  8:08  Drone x3  
  125  8:12  Corruptor  
  130  8:14  Roach  
  130  8:15  Roach  
  130  8:16  Drone  
  137  8:24  Corruptor x2  
  137  8:25  Overlord  
  142  8:27  Drone x2  
  142  8:30  Drone x2  
  145  8:34  Drone, Extractor  
  145  8:35  Drone  
  145  8:36  Drone x2  
  145  8:40  Hive  
  148  8:43  Corruptor  
  148  8:47  Overseer  
  148  8:48  Overseer x2  
  150  8:51  Corruptor  
  150  8:52  Drone x2  
  150  8:53  Drone  
  150  8:55  Drone x2  
  157  8:56  Drone  
  157  9:01  Drone x5  
  163  9:22  Hatchery  
  162  9:26  Hatchery  
  155  9:33  Hydralisk x5  
  161  9:41  Drone x2  
  161  9:42  Zerg Flyer Armor Level 1, Drone x5  
  161  9:43  Drone  
  161  9:44  Drone x2  
  170  9:50  Hatchery  
  169  9:53  Overlord x2  
  169  9:54  Overlord  
  169  9:55  Corruptor  
  169  9:56  Hydralisk x2  
  175  10:02  Hydralisk x2  
  175  10:07  Roach x5  
  187  10:09  Roach  
  189  10:20  Roach x4  
  177  10:25  Roach  
  177  10:28  Roach x3  
  175  10:37  Roach x3  
  175  10:38  Roach  
  183  10:43  Spine Crawler  
  183  10:44  Spine Crawler  
  183  10:45  Spine Crawler x2  
  183  10:48  Spine Crawler  
  183  10:49  Drone x6  
  185  10:50  Drone, Spine Crawler  
  185  10:53  Drone x2  
  186  11:02  Zerg Ground Armor Level 3, Zerg Missile Weapons Level 3  
  186  11:08  Drone x4  
  186  11:11  Drone x6  
  192  11:12  Drone  
  197  11:27  Spine Crawler  
  197  11:29  Spine Crawler  
  197  11:31  Roach x2  
  199  11:38  Overlord x4  
  199  11:43  Roach  
  200  11:48  Roach  
  200  11:50  Roach  
  200  11:51  Roach x3  
  196  11:54  Roach x3  
  196  11:55  Roach  
  196  11:57  Roach  
  196  11:58  Roach  
  196  11:59  Overlord x2  
  196  12:00  Overlord  
  188  12:09  Overlord  
  188  12:10  Overlord  
  188  12:12  Extractor  
  188  12:13  Extractor  
  188  12:14  Overlord x5  
  186  12:23  Overlord x3  
  186  12:24  Overseer  
  186  12:25  Overseer x4  
  184  12:41  Roach x2  
  184  12:42  Roach x2  
  184  12:43  Corruptor x4  
  186  12:50  Roach x6  
  180  12:53  Spore Crawler  
  167  12:59  Roach x3  
  167  13:00  Roach x2  
  165  13:13  Corruptor x4  
  167  13:25  Overseer x3  
  167  13:26  Hydralisk x10  
  167  13:27  Hydralisk  
  167  13:34  Roach x2  
  191  13:35  Roach  
  193  13:45  Spine Crawler  
  193  13:46  Spine Crawler, Drone x6  
  193  13:47  Spore Crawler, Roach  
  198  13:52  Roach  
  200  14:04  Hydralisk  
  200  14:11  Overlord  
  200  14:12  Overlord x3  
  200  14:20  Overlord x3  
  200  14:21  Zerg Flyer Weapons Level 2  
  200  14:24  Zerg Melee Weapons Level 1  
  200  14:29  Overlord x3  
  200  14:30  Overlord  
  200  14:31  Overlord x3  
  132  15:22  Corruptor x5  
  132  15:23  Corruptor x3  
  132  15:26  Spire  
  145  15:42  Roach x13  
  173  15:43  Roach  
  173  15:47  Overseer  
  173  15:53  Roach x2  
  177  15:57  Roach x2  
  177  15:58  Roach x3  
  185  16:20  Corruptor  
  185  16:21  Corruptor x6  
  199  16:36  Roach  
  199  16:37  Overlord  
  199  16:38  Overlord x2  
  195  16:40  Greater Spire  
  195  16:42  Roach  
  195  16:43  Roach x2  
  179  16:48  Roach x4  
  179  16:49  Roach x5  
  181  16:56  Roach  
  181  16:57  Roach  
  185  17:04  Roach x4  
  185  17:24  Roach x2  
  185  17:25  Roach  
  183  17:36  Zerg Flyer Weapons Level 3  
  174  17:51  Brood Lord  
  174  17:52  Brood Lord x8  
  174  17:53  Brood Lord x4  
  174  17:54  Brood Lord  
  198  18:02  Zerg Flyer Armor Level 2  
  195  18:06  Brood Lord x2  
  192  18:24  Brood Lord x3  
  197  18:33  Roach x15  
  195  18:38  Corruptor x3  
  195  18:39  Corruptor  
  199  18:42  Corruptor  
  199  18:47  Corruptor x2  
  200  18:50  Corruptor x2  
  200  18:51  Corruptor  
  200  18:54  Corruptor x3  
  200  18:55  Corruptor  
  200  18:59  Corruptor  
  199  19:12  Roach x15  
  199  19:35  Corruptor  
  195  19:40  Corruptor x6  
  195  19:41  Corruptor  
  195  19:43  Corruptor x3  
  190  19:59  Brood Lord x3  
  200  20:03  Corruptor x3  
  200  20:04  Corruptor  
  192  20:09  Corruptor  
  192  20:11  Roach x14  
  182  20:15  Corruptor  
  172  20:47  Brood Lord  
  118  21:36  Brood Lord x6  
  130  21:43  Brood Lord  
  100  22:20  Brood Lord x2  
  100  22:21  Brood Lord  
Show
View Real Time Build Order
Export as new Build Order

vicki Terran 

Build Orders:  

Get SALT Encoding   

  12  0:02  SCV  
  13  0:14  SCV  
  14  0:23  Supply Depot  
  14  0:35  SCV  
  15  0:38  Refinery  
  15  0:39  Refinery  
  15  0:47  SCV  
  16  0:59  SCV  
  16  1:03  Supply Depot  
  17  1:11  SCV  
  18  1:23  SCV  
  19  1:26  Barracks  
  19  1:32  Supply Depot  
  19  1:53  SCV  
  20  1:55  Engineering Bay  
  20  2:05  SCV  
  21  2:18  SCV  
  21  2:20  Barracks  
  22  2:30  SCV  
  23  2:42  SCV  
  24  2:47  Command Center  
  24  2:56  Orbital Command  
  24  3:15  Marine x2  
  25  3:30  SCV  
  25  3:33  Marine  
  27  3:38  Bunker  
  27  3:42  SCV  
  28  3:57  Factory  
  28  3:58  Factory  
  28  4:00  Orbital Command  
  28  4:02  SCV  
  29  4:06  Marine  
  30  4:14  SCV  
  31  4:20  Barracks Tech Lab  
  31  4:23  Barracks  
  31  4:29  Missile Turret  
  31  4:37  SCV  
  32  4:44  SCV  
  33  4:47  Factory Tech Lab  
  33  4:49  SCV, Factory Tech Lab  
  33  4:50  Missile Turret  
  34  4:56  SCV  
  34  5:00  Marine x2  
  34  5:02  Stimpack  
  36  5:08  Engineering Bay  
  36  5:11  Starport  
  36  5:15  Supply Depot  
  36  5:27  Barracks Reactor  
  36  5:30  Barracks  
  36  5:31  Terran Infantry Weapons Level 1  
  36  5:34  Terran Infantry Armor Level 1  
  36  5:37  Armory  
  36  5:44  Refinery  
  36  5:47  SCV  
  36  5:49  SCV  
  38  5:57  Refinery  
  38  5:59  SCV  
  39  6:05  Factory  
  40  6:11  SCV  
  40  6:23  SCV  
  41  6:35  SCV, Barracks Reactor  
  41  6:39  Barracks Reactor  
  42  6:42  Combat Shield  
  42  6:45  Terran Vehicle And Ship Armor Level 1  
  42  6:46  Marine  
  43  6:47  Marine x2  
  43  6:49  Starport Reactor  
  45  6:54  Starport  
  45  7:04  Marine  
  45  7:05  Supply Depot, Marine x2  
  47  7:21  SCV  
  47  7:22  Marine  
  49  7:23  Marine x6  
  49  7:25  Hi-Sec Auto Tracking  
  49  7:27  Supply Depot  
  55  7:33  SCV  
  56  7:40  Marine x3  
  56  7:41  Marine x4, Terran Infantry Weapons Level 2  
  63  7:45  SCV  
  64  7:57  Supply Depot, SCV  
  64  7:58  Marine x3  
  68  8:05  Starport Tech Lab  
  68  8:09  SCV  
  68  8:10  SCV  
  70  8:21  Terran Infantry Armor Level 2  
  70  8:22  SCV  
  71  8:34  SCV  
  72  8:44  Marine x7  
  72  8:46  SCV  
  80  8:51  Command Center  
  80  8:54  Medivac x2  
  84  8:56  Medivac  
  84  9:01  Marine  
  84  9:02  Marine x6  
  93  9:05  Terran Vehicle And Ship Armor Level 2  
  93  9:19  Marine  
  93  9:20  Marine x2  
  96  9:34  Marine  
  96  9:35  Marine x3  
  96  9:37  Marine, Refinery  
  96  9:38  Marine x2  
  103  9:42  Factory Reactor  
  103  9:45  Siege Tank  
  106  9:52  Missile Turret, Marine x4  
  107  9:55  Marine x3  
  107  9:57  Missile Turret  
  113  10:03  Orbital Command  
  113  10:04  Missile Turret  
  111  10:20  Marine  
  111  10:21  Marine x6  
  111  10:31  SCV  
  111  10:38  Marine  
  111  10:39  Marine x4  
  116  10:44  SCV  
  117  10:53  Missile Turret  
  117  10:56  SCV  
  118  10:58  Siege Tank  
  118  10:59  Siege Tank  
  118  11:00  Widow Mine x2  
  128  11:08  SCV  
  129  11:16  Missile Turret  
  129  11:20  SCV  
  119  11:37  Bunker  
  96  11:47  Marine x4  
  96  11:48  Marine x3  
  89  12:05  Marine x7  
  96  12:09  Bunker  
  96  12:15  Siege Tank x2  
  102  12:16  Widow Mine x2  
  106  12:23  Marine x7  
  113  12:36  SCV  
  114  12:38  Widow Mine x2  
  114  12:40  Marine  
  114  12:41  Marine x6  
  114  12:43  Terran Infantry Weapons Level 3  
  125  12:44  Terran Infantry Armor Level 3  
  125  12:48  SCV  
  94  12:58  Marine  
  94  12:59  Marine x6  
  94  13:00  SCV  
  98  13:13  SCV  
  98  13:17  Marine  
  100  13:22  Widow Mine x4  
  100  13:24  Marine x5  
  100  13:25  Marine, SCV  
  115  13:29  Medivac  
  114  13:34  Marine  
  115  13:42  Marine x6  
  115  13:43  Siege Tank x2  
  115  13:46  Orbital Command  
  125  13:52  Marine  
  112  14:06  SCV  
  112  14:07  Marine  
  112  14:08  Marine x5  
  119  14:10  Marine  
  119  14:13  SCV  
  121  14:18  SCV  
  121  14:23  Widow Mine  
  121  14:24  Widow Mine  
  126  14:25  Marine, SCV  
  126  14:26  Marine x3  
  126  14:27  Siege Tank  
  126  14:30  SCV  
  135  14:31  Medivac  
  137  14:42  SCV  
  126  14:54  SCV  
  111  15:01  Marine x7  
  111  15:19  Marine x7  
  92  15:36  Marine  
  92  15:37  Marine x3  
  92  15:40  Marine x3  
  68  15:54  Marine  
  68  15:55  Marine x3  
  72  15:58  Marine x3  
  67  16:12  Marine  
  67  16:13  Marine x3  
  69  16:16  Marine x3  
  68  16:30  Marine x4  
  70  16:33  Marine  
  70  16:34  Marine x2  
  48  17:43  Widow Mine x2  
  52  17:45  Marine x4, Marauder  
  58  18:03  Marine x4  
  62  18:06  Marine  
  63  18:20  Marine  
  23  21:53  Orbital Command  
Show
View Real Time Build Order
Export as new Build Order

OpiumPoppy Protoss 

Build Orders: 1 Gate Expand 

Get SALT Encoding   

  12  0:01  Probe  
  13  0:13  Probe  
  14  0:23  Pylon  
  14  0:26  Probe  
  15  0:41  Probe (Chrono Boost)  
  17  0:51  Gateway, Probe (Chrono Boost)  
  17  0:56  Probe (Chrono Boost)  
  18  1:07  Probe  
  19  1:17  Nexus  
  19  1:21  Probe  
  20  1:27  Assimilator  
  20  1:44  Probe  
  21  1:56  Probe  
  22  2:08  Pylon, Probe  
  23  2:18  Pylon  
  23  2:22  Assimilator  
  23  2:26  Probe  
  23  2:27  Gateway  
  23  2:29  Gateway  
  24  2:33  Probe  
  25  2:37  Pylon  
  25  2:38  Probe  
  26  2:45  Probe  
  26  2:50  Probe  
  27  3:13  Cybernetics Core  
  27  3:20  Zealot x2  
  27  3:21  Zealot  
  27  3:23  Probe (Chrono Boost)  
  34  3:33  Probe (Chrono Boost)  
  36  3:35  Probe (Chrono Boost)  
  36  3:38  Probe (Chrono Boost)  
  37  3:42  Gateway  
  37  3:44  Probe  
  38  3:49  Probe  
  38  3:51  Twilight Council, Warp Gate  
  39  3:56  Probe  
  39  4:00  Zealot  
  39  4:01  Probe  
  43  4:09  Probe  
  44  4:11  Assimilator  
  44  4:13  Probe  
  44  4:14  Assimilator  
  45  4:20  Robotics Facility  
  45  4:22  Robotics Facility  
  45  4:23  Probe  
  46  4:24  Charge (Chrono Boost)  
  46  4:25  Probe  
  47  4:33  Zealot  
  47  4:34  Zealot  
  47  4:35  Probe  
  47  4:37  Zealot  
  54  4:44  Pylon  
  54  4:53  Pylon  
  54  5:02  Probe x2  
  56  5:11  Observer  
  56  5:13  Observer  
  56  5:14  Probe x2  
  60  5:20  Forge x2  
  60  5:23  Forge  
  60  5:26  Pylon, Probe  
  60  5:27  Zealot x4  
  69  5:44  Immortal x2  
  77  5:53  Pylon  
  77  5:57  Pylon  
  77  6:28  Stalker x2  
  77  6:29  Stalker x2  
  85  6:37  Nexus  
  85  6:47  Blink  
  85  7:05  Pylon  
  81  7:39  Stalker x4  
  89  7:47  Pylon  
  89  7:48  Pylon  
  89  7:50  Photon Cannon  
  89  7:52  Photon Cannon  
  89  7:54  Shield Battery, Probe x3  
  89  7:56  Shield Battery  
  92  8:06  Probe x3  
  93  8:18  Probe x3  
  96  8:26  Stalker x3  
  96  8:27  Stalker  
  104  8:30  Probe x2  
  104  8:31  Probe  
  107  8:42  Assimilator, Probe  
  107  8:43  Probe x2  
  107  8:47  Assimilator  
  110  8:56  Protoss Ground Weapons Level 1 (Chrono Boost), Protoss Shields Level 1 (Chrono Boost), Protoss Ground Armor Level 1 (Chrono Boost)  
  110  9:02  Gateway  
  110  9:03  Gateway  
  110  9:08  Pylon  
  110  9:10  Pylon  
  110  9:11  Pylon  
  110  9:14  Pylon  
  110  9:15  Gateway, Nexus  
  110  9:17  Pylon  
  110  9:19  Pylon  
  110  9:21  Pylon  
  110  9:25  Shield Battery  
  110  9:29  Photon Cannon  
  110  9:37  Templar Archives, Stalker x3  
  110  9:38  Stalker  
  102  10:29  Immortal x2  
  102  10:31  Stalker x4  
  102  10:32  Stalker x3  
  124  10:48  Robotics Bay  
  124  10:50  Psionic Storm  
  124  11:04  Photon Cannon  
  124  11:06  Photon Cannon  
  124  11:07  Photon Cannon  
  124  11:10  Photon Cannon  
  124  11:11  High Templar x5  
  126  11:12  Photon Cannon, High Templar x2  
  126  11:16  Archon x3  
  138  11:37  Colossus x2  
  150  11:50  Probe x3  
  150  11:51  Probe  
  154  12:00  Stalker x5  
  154  12:01  Stalker x2  
  166  12:02  Probe x2  
  166  12:03  Probe x2  
  166  12:07  Assimilator  
  172  12:09  Assimilator  
  172  12:12  Shield Battery x2  
  172  12:13  Shield Battery  
  172  12:14  Shield Battery  
  172  12:22  Extended Thermal Lance  
  68  13:14  Stalker  
  68  13:15  Stalker x5  
  68  13:16  Stalker  
  82  13:20  Colossus x2  
  82  13:22  Protoss Ground Weapons Level 2 (Chrono Boost), Protoss Ground Armor Level 2 (Chrono Boost)  
  82  13:23  Protoss Shields Level 2 (Chrono Boost)  
  80  14:02  Gravitic Boosters  
  80  14:09  Stalker x2  
  84  14:10  Stalker x5  
  94  14:27  Colossus x2  
  106  14:36  Probe  
  107  14:45  Robotics Facility  
  107  14:46  Robotics Facility  
  107  14:48  Probe  
  107  14:51  Stalker x2  
  107  14:52  Stalker x4  
  120  14:53  Stalker  
  122  15:00  Probe  
  122  15:05  Nexus  
  123  15:07  Pylon  
  123  15:09  Pylon  
  123  15:11  Pylon  
  123  15:12  Probe  
  123  15:13  Pylon  
  124  15:18  Stalker  
  124  15:19  Stalker x5  
  124  15:20  Stalker  
  138  15:25  Probe  
  138  15:28  Colossus x2  
  139  15:34  Immortal x2  
  159  15:39  Protoss Ground Weapons Level 3 (Chrono Boost)  
  159  15:40  Protoss Shields Level 3 (Chrono Boost), Protoss Ground Armor Level 3 (Chrono Boost)  
  159  15:50  High Templar x5  
  159  15:53  Zealot  
  159  15:54  Zealot  
  159  15:56  Archon x2  
  115  16:38  Stalker  
  115  16:39  Stalker x3  
  123  16:40  Stalker x3  
  70  16:59  Immortal x2  
  70  17:00  Immortal x2  
  68  17:09  Probe (Chrono Boost)  
  68  17:15  Probe (Chrono Boost)  
  70  17:20  Probe (Chrono Boost)  
  72  17:23  Probe (Chrono Boost)  
  72  17:26  Probe (Chrono Boost)  
  72  17:27  Photon Cannon  
  72  17:28  Probe (Chrono Boost)  
  72  17:29  Photon Cannon  
  73  17:31  Photon Cannon  
  73  17:34  Photon Cannon, Assimilator  
  73  17:36  Probe  
  73  17:37  Photon Cannon, Assimilator  
  75  17:38  Gateway  
  75  17:40  Gateway, Probe  
  75  17:42  Gateway  
  76  17:45  Gateway  
  76  17:48  Gateway, Probe  
  76  17:51  Immortal x2  
  85  17:52  Probe  
  86  18:04  Probe (Chrono Boost)  
  87  18:09  Zealot x3  
  87  18:10  Zealot x2  
  98  18:13  Probe (Chrono Boost)  
  98  18:18  Immortal, Probe (Chrono Boost)  
  103  18:30  Probe  
  103  18:59  Zealot x3  
  103  19:00  Zealot x3  
  103  19:01  Zealot x2  
  103  19:02  Zealot  
  102  19:27  Stalker  
  102  19:28  Stalker x5  
  102  19:29  Stalker x3  
  102  19:30  Stalker x2  
  109  20:08  Immortal x4  
  109  20:11  Probe  
  109  20:12  Probe x3  
  129  20:23  Probe  
  129  20:24  Probe  
  131  20:35  Probe  
  86  21:03  Immortal x2  
  86  21:04  Immortal x2  
  98  21:07  Stalker x2  
  98  21:10  Probe  
  98  21:11  Probe  
  103  21:34  Zealot x3  
  103  21:35  Zealot x3  
  43  22:19  Stalker x2  
  43  22:20  Stalker x3  
  43  22:21  Stalker x2  
  43  22:22  Stalker  
  55  22:40  Probe  
  56  22:52  Stalker, Probe  
  56  22:53  Stalker x6  
  56  22:54  Stalker x2  
  75  23:04  Probe  
  76  23:11  Stalker  
  76  23:12  Stalker  
  78  23:16  Probe  
  63  23:28  Zealot, Probe  
  63  23:29  Zealot x3  
  46  23:42  Cybernetics Core  
  44  24:01  Robotics Facility  
  44  24:04  Robotics Facility  
  44  24:06  Robotics Facility  
  44  24:08  Stalker x4  
  50  24:33  Stalker x4  
  67  25:03  Stalker x2  
  67  25:04  Stalker x2  
Show
View Real Time Build Order
Export as new Build Order

Alebay Protoss - Winner!

Build Orders:  

Get SALT Encoding   

  12  0:00  Probe  
  13  0:12  Probe  
  14  0:17  Pylon  
  14  0:24  Probe  
  15  0:30  Assimilator  
  15  0:36  Probe  
  16  0:45  Gateway  
  16  0:48  Probe (Chrono Boost)  
  17  1:00  Probe (Chrono Boost)  
  18  1:06  Probe (Chrono Boost)  
  18  1:10  Assimilator  
  19  1:15  Probe  
  20  1:29  Pylon  
  20  1:30  Probe  
  21  1:33  Cybernetics Core  
  21  1:42  Probe  
  22  1:54  Probe  
  23  2:04  Warp Gate (Chrono Boost)  
  23  2:08  Nexus  
  23  2:16  Adept  
  23  2:20  Probe  
  26  2:38  Gateway  
  26  2:41  Robotics Facility  
  27  2:44  Probe  
  27  2:49  Adept  
  29  2:57  Probe  
  30  3:10  Shield Battery  
  30  3:12  Gateway, Probe  
  31  3:20  Probe  
  32  3:29  Probe  
  32  3:32  Probe  
  34  3:34  Adept x2  
  34  3:39  Immortal  
  42  3:42  Probe  
  42  3:47  Probe  
  44  3:54  Pylon  
  44  3:55  Pylon  
  44  4:02  Probe x2  
  46  4:14  Probe x2  
  48  4:25  Immortal  
  48  4:26  Stalker x2  
  56  4:31  Twilight Council  
  56  4:33  Probe  
  56  4:34  Probe  
  58  4:40  Pylon  
  58  4:45  Assimilator  
  58  4:47  Pylon  
  58  4:58  Forge  
  58  5:00  Probe x2  
  58  5:02  Stalker  
  58  5:03  Stalker  
  64  5:23  Nexus  
  64  5:24  Pylon  
  64  5:26  Probe x2  
  66  5:33  Assimilator  
  66  5:36  Blink (Chrono Boost)  
  66  5:39  Probe x2  
  68  5:46  Adept x3, Protoss Ground Weapons Level 1 (Chrono Boost)  
  68  5:49  Immortal  
  78  6:05  Probe x2  
  78  6:08  Pylon  
  80  6:11  Stalker x2  
  84  6:20  Probe x2  
  86  6:28  Pylon  
  86  6:32  Pylon  
  86  6:34  Photon Cannon  
  86  6:36  Observer, Photon Cannon  
  86  6:37  Probe x2  
  86  6:39  Probe  
  90  6:49  Stalker x2  
  90  6:52  Stalker  
  96  6:59  Probe x3  
  99  7:05  Observer  
  100  7:24  Stalker  
  100  7:25  Stalker x2  
  100  7:27  Protoss Ground Armor Level 1 (Chrono Boost), Probe x3  
  109  7:44  Immortal  
  109  7:49  Robotics Facility  
  109  7:51  Gateway  
  113  7:52  Probe x3  
  113  7:53  Gateway  
  113  7:54  Assimilator  
  113  7:56  Assimilator  
  116  8:09  Stalker x3  
  122  8:17  Probe x3  
  125  8:23  Pylon  
  125  8:24  Pylon  
  125  8:26  Pylon  
  129  8:41  Immortal  
  129  8:44  Forge  
  129  8:45  Gateway  
  129  8:46  Probe x3  
  129  8:48  Gateway, Stalker x3  
  132  8:49  Stalker x2  
  142  9:05  Pylon  
  142  9:07  Pylon  
  142  9:09  Pylon  
  142  9:14  Stalker x3  
  148  9:17  Protoss Ground Weapons Level 2 (Chrono Boost), Protoss Ground Armor Level 2 (Chrono Boost)  
  148  9:23  Immortal x2, Pylon  
  156  9:26  Pylon  
  156  9:27  Pylon  
  156  9:33  Stalker x2  
  156  9:36  Charge  
  160  9:43  Stalker x3  
  166  10:04  Stalker x4  
  174  10:15  Observer  
  174  10:44  Stalker x6  
  174  10:45  Stalker  
  188  10:54  Immortal x2  
  90  12:04  Stalker  
  90  12:05  Stalker x6  
  90  12:08  Immortal x2  
  98  12:14  Protoss Ground Weapons Level 3 (Chrono Boost), Gateway  
  98  12:15  Gateway, Protoss Ground Armor Level 3 (Chrono Boost)  
  98  12:17  Gateway  
  98  12:19  Gateway  
  94  12:29  Zealot x7  
  104  12:53  Zealot x5  
  104  12:54  Zealot x2  
  102  13:15  Zealot x2  
  102  13:16  Zealot x6  
  102  13:17  Zealot x3  
  124  13:22  Immortal, Warp Prism  
  108  13:49  Zealot x4  
  108  13:50  Zealot x6  
  108  13:51  Zealot  
  96  14:22  Zealot x7  
  96  14:23  Zealot x3  
  116  14:39  Nexus  
  116  14:41  Pylon  
  116  14:42  Pylon  
  116  14:51  Zealot x5  
  116  14:52  Zealot x5  
  132  14:53  Zealot  
  138  15:07  Pylon  
  138  15:08  Assimilator  
  138  15:14  Assimilator  
  138  15:16  Zealot x4  
  138  15:17  Zealot x6  
  138  15:18  Zealot  
  160  15:58  Zealot x7  
  160  15:59  Zealot x2  
  160  16:02  Nexus  
  160  16:03  Pylon  
  178  16:06  Pylon  
  130  16:45  Zealot x7  
  130  16:46  Zealot x4  
  98  17:05  Nexus  
  98  17:07  Pylon  
  98  17:09  Pylon  
  98  17:17  Stalker x5  
  98  17:18  Stalker x3  
  114  17:37  Stalker x3  
  114  17:41  Stalker x4  
  128  17:49  Probe x3  
  128  17:50  Probe x2  
  131  18:01  Probe x2  
  119  18:18  Stalker  
  119  18:19  Stalker x8  
  135  18:34  Probe  
  135  18:35  Probe x5  
  137  18:46  Probe  
  137  18:47  Probe x5  
  143  18:49  Zealot x3  
  143  18:50  Zealot x3  
  152  18:57  Zealot x3  
  152  18:58  Zealot  
  135  19:23  Probe x6  
  141  19:35  Probe x6  
  147  19:53  Observer x2  
  149  20:00  Photon Cannon  
  149  20:02  Photon Cannon  
  149  20:04  Photon Cannon  
  149  20:05  Photon Cannon  
  149  20:08  Photon Cannon  
  149  20:09  Photon Cannon  
  149  20:10  Photon Cannon  
  149  20:12  Photon Cannon  
  149  20:19  Zealot x4  
  149  20:20  Zealot x7  
  171  20:46  Nexus  
  171  21:01  Zealot  
  171  21:02  Zealot x7  
  171  21:03  Zealot x3  
  165  21:53  Zealot  
  165  21:54  Zealot x7  
  161  21:55  Zealot x3  
  173  22:17  Zealot  
  173  22:18  Zealot x7  
  173  22:19  Zealot x3  
  193  22:47  Observer x2  
  195  22:53  Zealot x2  
  161  23:57  Zealot  
  161  23:58  Zealot x7  
  161  23:59  Zealot x3  
  183  24:23  Zealot x2  
  183  24:24  Zealot x6  
Show
View Real Time Build Order
Export as new Build Order

PiPuxD Terran - Winner!

Build Orders: 2 Factory, Reaper Expand, Mech 

Get SALT Encoding   

  12  0:00  SCV  
  13  0:12  SCV  
  14  0:17  Supply Depot  
  14  0:24  SCV  
  15  0:38  SCV  
  15  0:40  Barracks  
  16  0:45  Refinery  
  16  0:50  SCV  
  17  1:03  SCV  
  18  1:15  SCV  
  19  1:27  Orbital Command  
  19  1:29  Reaper  
  20  1:40  Command Center  
  20  1:55  SCV  
  20  1:59  Supply Depot  
  21  2:08  Barracks Reactor  
  21  2:10  SCV  
  21  2:12  Refinery  
  22  2:22  SCV  
  23  2:24  Factory  
  23  2:34  SCV  
  24  2:45  Marine x2  
  24  2:46  SCV  
  27  2:59  SCV  
  28  3:14  Factory  
  28  3:15  Orbital Command  
  28  3:17  Hellion x2  
  32  3:20  Barracks Tech Lab  
  32  3:26  Starport, SCV  
  33  3:34  Engineering Bay  
  33  3:38  SCV  
  34  3:43  Hellion x2  
  34  3:44  SCV  
  39  3:50  SCV  
  39  3:55  Barracks Reactor  
  40  3:56  SCV  
  41  4:03  SCV  
  41  4:06  Hellion  
  41  4:08  SCV  
  45  4:15  SCV  
  46  4:19  Supply Depot  
  46  4:20  Supply Depot  
  46  4:39  Supply Depot  
  46  4:40  Supply Depot, SCV x2  
  46  4:44  Siege Tank  
  51  4:46  Hellion x2  
  55  4:53  SCV x2  
  57  5:00  Liberator, Medivac  
  57  5:05  SCV  
  63  5:08  Widow Mine x2  
  63  5:12  Factory  
  67  5:15  Factory  
  67  5:24  SCV x2  
  67  5:27  Refinery  
  69  5:31  Supply Depot  
  69  5:32  Supply Depot, Widow Mine x2  
  73  5:51  SCV x2  
  75  5:59  Refinery  
  75  6:03  SCV x2  
  77  6:15  SCV x2  
  79  6:25  Supply Depot  
  79  6:26  Supply Depot  
  79  6:27  SCV x2  
  81  6:34  Command Center  
  81  6:39  Liberator x2  
  84  6:45  Factory Tech Lab x2  
  87  6:47  Hellion x2  
  87  6:48  Hellion  
  93  6:56  Armory  
  93  6:57  Armory  
  81  7:21  SCV x2  
  83  7:24  Siege Tank  
  83  7:25  Siege Tank x2  
  83  7:27  Infernal Pre-Igniter  
  92  7:51  Liberator x2, Hellion x2  
  97  8:07  Siege Tank x2  
  103  8:17  Hellion x2  
  107  8:21  Orbital Command  
  107  8:25  SCV x2  
  109  8:28  Terran Vehicle Weapons Level 1, Terran Vehicle And Ship Armor Level 1  
  109  8:37  SCV  
  110  9:04  SCV x3  
  113  9:16  SCV x2  
  113  9:17  SCV  
  116  9:25  Siege Tank, Hellion x2  
  123  9:32  Liberator x2, Siege Tank x2  
  123  9:34  Supply Depot, Hellion x4  
  132  10:05  Supply Depot  
  132  10:06  Supply Depot  
  132  10:07  Supply Depot  
  124  10:41  Refinery  
  124  10:44  Refinery, Siege Tank x3, Hellion x2  
  124  10:45  Liberator x2  
  124  10:48  Terran Vehicle Weapons Level 2  
  124  10:49  Terran Vehicle And Ship Armor Level 2  
  143  10:54  Hellion x2  
  143  11:06  Supply Depot  
  143  11:08  Supply Depot  
  143  11:09  Supply Depot  
  143  11:30  Thor x3, Hellion x2  
  143  11:31  Liberator x2  
  165  11:53  Hellion  
  165  11:54  Hellion  
  165  12:13  Hellion x3  
  165  12:15  Hellion x2  
  169  12:30  Command Center  
  169  12:36  Liberator x2  
  157  13:00  Siege Tank x3, Hellion x2  
  160  13:18  Terran Vehicle Weapons Level 3, Terran Vehicle And Ship Armor Level 3  
  160  13:31  Hellion x2  
  160  13:32  Liberator x2  
  170  13:44  Planetary Fortress  
  170  13:47  Missile Turret  
  170  13:49  SCV x3  
  173  13:55  Refinery  
  173  13:59  Refinery  
  173  14:01  SCV, Command Center  
  174  14:05  Command Center  
  174  14:07  Siege Tank x3, Hellion x2  
  162  15:08  Thor x3, Hellion x2  
  162  15:09  Liberator x2  
  166  15:45  Hellion x2  
  170  15:55  Terran Ship Weapons Level 1  
  150  16:42  Thor, Hellion  
  150  16:43  Liberator, Thor x2, Hellion  
  150  16:44  Liberator  
  162  17:27  Thor x3, Hellion x2  
  162  17:29  Liberator x2  
  190  17:53  Planetary Fortress  
  190  17:54  Planetary Fortress  
  190  18:03  Hellion x2  
  194  18:31  Command Center  
  192  18:39  Thor x3  
  150  19:03  Viking x2  
  150  19:05  Terran Ship Weapons Level 2  
  149  19:22  Thor x3  
  171  19:24  Hellion x2  
  163  20:05  Thor x3  
  165  20:19  Hellion  
  165  20:20  Hellion  
  147  21:06  Hellion  
  147  21:07  Thor x3, Hellion  
  167  21:24  Viking x2  
  151  22:28  Thor x3  
  151  22:29  Hellion x2  
  167  22:30  Viking x2  
  171  23:11  Thor x3  
  185  23:35  Command Center  
  183  24:22  Thor x2  
  195  24:26  Hellion x2  
Show
View Real Time Build Order
Export as new Build Order

MattBarry Zerg - Winner!

Build Orders: Hatch First 

Get SALT Encoding   

  12  0:00  Drone  
  13  0:08  Drone  
  14  0:16  Overlord  
  14  0:19  Extractor  
  13  0:22  Drone  
  15  0:35  Drone x2  
  17  0:44  Drone  
  18  1:01  Extractor  
  17  1:05  Hatchery  
  17  1:10  Spawning Pool  
  15  1:12  Drone  
  16  1:34  Drone x2  
  16  1:35  Drone  
  19  1:46  Drone  
  20  1:58  Zergling x2  
  21  2:06  Metabolic Boost  
  21  2:15  Zergling x2  
  22  2:16  Queen x2  
  26  2:28  Zergling x4  
  26  2:29  Overlord  
  28  2:37  Evolution Chamber  
  27  2:46  Drone  
  27  2:48  Overlord  
  28  3:25  Drone x4  
  28  3:26  Drone x2  
  34  3:30  Lair  
  34  3:32  Pneumatized Carapace  
  34  3:36  Drone x3  
  37  4:08  Drone  
  37  4:09  Drone x3, Overlord x2  
  41  4:15  Roach Warren  
  40  4:29  Queen  
  42  4:32  Queen  
  44  4:38  Evolution Chamber  
  44  4:39  Evolution Chamber  
  44  4:41  Zerg Missile Weapons Level 1  
  41  4:58  Extractor  
  41  4:59  Extractor  
  39  5:02  Extractor  
  39  5:04  Queen  
  40  5:14  Roach x6, Overlord  
  46  5:15  Overlord  
  52  5:26  Drone x5  
  52  5:27  Drone x2  
  59  5:29  Overlord x2  
  59  5:30  Hatchery  
  58  5:36  Zerg Ground Armor Level 1  
  58  5:46  Spore Crawler  
  58  5:48  Spore Crawler  
  56  5:51  Spore Crawler  
  56  5:52  Spore Crawler  
  56  5:53  Drone  
  56  5:57  Drone  
  56  6:00  Drone  
  57  6:06  Drone x2  
  57  6:09  Overseer  
  59  6:35  Spire  
  59  6:36  Drone x4  
  59  6:37  Drone x3  
  65  6:41  Drone  
  65  6:42  Drone  
  65  6:44  Drone  
  69  6:47  Drone  
  69  6:52  Drone x2  
  71  6:58  Drone x3  
  71  7:14  Zergling x2  
  71  7:15  Zergling x16  
  70  7:22  Baneling Nest  
  67  7:24  Queen  
  69  7:32  Zergling x2  
  69  7:33  Zergling x10  
  69  7:36  Roach  
  69  7:37  Roach  
  79  8:05  Baneling x5  
  79  8:06  Baneling x2  
  79  8:07  Zergling x4  
  79  8:08  Zergling x6, Overlord x5  
  80  8:26  Drone x9  
  89  8:31  Zerg Melee Weapons Level 1  
  89  8:32  Zerg Missile Weapons Level 2  
  89  8:33  Glial Reconstitution  
  89  8:40  Hydralisk Den  
  88  8:47  Hydralisk Den  
  87  8:49  Drone  
  87  8:50  Drone x6  
  87  8:51  Drone  
  95  8:57  Overlord x2  
  95  9:17  Grooved Spines  
  95  9:18  Hydralisk x6, Muscular Augments  
  107  9:25  Baneling x5  
  107  9:26  Baneling x4  
  107  9:31  Centrifugal Hooks  
  107  9:37  Roach x5  
  117  9:41  Overlord  
  117  9:42  Overlord  
  117  9:47  Overlord x2  
  117  9:49  Roach, Zergling x2  
  120  9:55  Overlord  
  120  9:56  Overlord x2  
  113  10:10  Zergling x2  
  113  10:11  Zergling x18  
  101  10:23  Roach, Zergling x2  
  101  10:24  Zergling x8  
  98  10:36  Overseer  
  98  10:37  Overseer  
  98  11:01  Hydralisk  
  98  11:02  Hydralisk x14  
  127  11:11  Extractor  
  109  11:47  Zergling x16  
  109  11:48  Zergling x18  
  119  12:00  Zergling x2  
  119  12:01  Zergling x12  
  122  12:03  Overlord x2  
  122  12:06  Baneling x2  
  122  12:07  Baneling x8  
  122  12:08  Baneling x2  
  116  12:09  Baneling x2  
  116  12:10  Baneling x5  
  116  12:11  Baneling x2  
  116  12:18  Hydralisk x2  
  116  12:19  Overlord  
  103  12:48  Zergling x20  
  90  12:53  Zergling x2  
  90  12:54  Zergling x10  
  90  12:57  Hydralisk  
  94  13:02  Hydralisk  
  92  13:16  Overlord x4  
  92  13:28  Overlord  
  92  13:29  Overlord  
  92  13:33  Queen x3  
  92  13:35  Hydralisk  
  92  13:36  Hydralisk x4, Extractor  
  92  13:37  Overlord x3  
  92  13:38  Overlord  
  107  13:45  Infestation Pit  
  105  13:55  Hatchery  
  89  14:09  Queen  
  87  14:10  Zergling x2  
  87  14:11  Zergling x24  
  102  14:26  Hydralisk x9  
  120  14:33  Zerg Ground Armor Level 2  
  120  14:40  Zergling x2  
  120  14:41  Zergling x4  
  122  15:02  Queen x3  
  122  15:04  Overlord x4  
  122  15:05  Hatchery  
  123  15:37  Queen  
  121  15:57  Drone x5  
  121  15:58  Hydralisk x2, Drone x2, Overlord x3  
  121  15:59  Hydralisk x16  
  156  16:24  Zergling x2  
  156  16:25  Zergling x20  
  134  16:32  Extractor  
  131  16:35  Extractor  
  116  16:59  Hydralisk  
  116  17:00  Hydralisk x10  
  132  17:14  Hydralisk  
  132  17:34  Hatchery  
  131  17:37  Hydralisk  
  131  17:38  Hydralisk x6  
  142  18:18  Hive  
  140  18:23  Hydralisk  
  140  18:24  Hydralisk x10  
  162  18:35  Hydralisk x4  
  170  18:44  Corruptor  
  170  18:45  Corruptor  
  156  19:19  Corruptor x6  
  156  19:20  Corruptor x9  
  156  19:21  Corruptor x2  
  118  19:48  Hydralisk, Corruptor x2  
  118  19:49  Corruptor  
  118  19:52  Overlord  
  86  20:15  Corruptor  
  86  20:16  Corruptor x3  
  59  20:41  Hydralisk  
  59  21:32  Hatchery  
  57  22:41  Overlord x2  
  55  22:58  Queen  
  55  22:59  Queen x2  
  55  23:04  Drone x6  
  55  23:05  Drone x9  
  76  23:16  Hydralisk  
  76  23:17  Hydralisk x12  
  102  23:25  Corruptor x3  
  108  23:31  Hatchery  
  107  23:47  Extractor  
  106  23:49  Extractor  
  103  24:28  Spore Crawler x2  
  103  24:30  Corruptor x6  
  103  24:31  Corruptor  
  115  24:45  Hydralisk  
  115  24:46  Hydralisk x4  
Tags
 
Add a new tag
Caveats
  • Supply blocks, unpowered buildings, or Contaminate may cause inaccurate times.
  • Supply counts are checked every 10 seconds.